 Dungeon Crawl Stone Soup version 0.30-a0-779-g7971cf19c3 (webtiles) character file.

Game seed: 8609167090816062049

307 KleinerIrrer the Caller (level 6, -2/44 HPs)
             Began as a Gnoll Summoner on Feb 17, 2023.
             Shot with an arrow by a centaur (7 damage)
             ... on level 4 of the Dungeon.
             The game lasted 00:06:16 (2611 turns).

KleinerIrrer the Caller (Gnoll Summoner)            Turns: 2611, Time: 00:06:17

Health: -2/44      AC:  8    Str:  9    XL:     6   Next: 40%
Magic:  9/14       EV: 13    Int: 15    God:
Gold:   289        SH:  0    Dex: 12    Spells: 9/15 levels left

rFire   . . .      SeeInvis .    q - +3 dagger
rCold   . . .      Faith    .    (no shield)
rNeg    . . .      Spirit   .    k - +0 leather armour
rPois   .          Reflect  .    (no helmet)
rElec   .          Harm     .    (no cloak)
rCorr   .          Rampage  .    j - +0 pair of gloves
Will    +....                    (no boots)
Stlth   ++                       (no amulet)
HPRegen 0.27/turn                g - ring of willpower
MPRegen 0.14/turn                r - +4 ring of protection

@: no status effects
A: fangs 1, strong nose, distributed training
a: no special abilities


You were on level 4 of the Dungeon.
You visited 1 branch of the dungeon, and saw 4 of its levels.

You collected 289 gold pieces.

Inventory:

Hand Weapons
 f - a +0 sling
 q - a +3 dagger (weapon)
Armour
 d - a +0 scale mail of poison resistance
 j - a +0 pair of gloves (worn)
 k - a +0 leather armour (worn)
Jewellery
 g - a ring of willpower (left hand)
 m - a ring of resist corrosion
 r - a +4 ring of protection (right hand)
Scrolls
 a - 7 scrolls of identify {unknown}
 c - a scroll of silence {unknown}
 e - 2 scrolls of poison {unknown}
 h - a scroll of immolation {unknown}
 i - a scroll of brand weapon {unknown}
 p - a scroll of teleportation {unknown}
 s - 2 scrolls of amnesia {unknown}
 v - a scroll of fear {unknown}
Potions
 b - a potion of magic
 l - 2 potions of attraction {unknown}
 n - a potion of heal wounds {unknown}
 o - a potion of cancellation {unknown}
 t - a potion of flight {unknown}
 u - 2 potions of curing {unknown}


   Skills:
 + Level 2.0 Fighting
 + Level 2.0 Short Blades
 + Level 2.0 Long Blades
 + Level 2.0 Axes
 + Level 2.0 Maces & Flails
 + Level 2.0 Polearms
 + Level 2.0 Staves
 + Level 2.0 Ranged Weapons
 + Level 2.0 Throwing
 + Level 2.0 Armour
 + Level 5.0 Dodging
 + Level 4.6 Stealth
 + Level 2.0 Shields
 + Level 2.0 Unarmed Combat
 + Level 5.4 Spellcasting
 + Level 1.6 Conjurations
 + Level 1.6 Hexes
 + Level 7.3 Summonings
 + Level 1.6 Necromancy
 + Level 1.6 Translocations
 + Level 1.6 Transmutations
 + Level 1.6 Fire Magic
 + Level 1.6 Ice Magic
 + Level 1.6 Air Magic
 + Level 1.6 Earth Magic
 + Level 1.6 Poison Magic
 + Level 2.2 Invocations
 + Level 2.0 Evocations


You had 9 spell levels left.
You knew the following spells:

 Your Spells              Type           Power      Damage    Failure   Level
a - Summon Small Mammal   Summ           100%       N/A       1%          1
b - Call Imp              Summ           26%        N/A       1%          2
c - Call Canine Familiar  Summ           26%        N/A       3%          3

Your spell library contained the following spells:

 Spells                   Type           Power      Damage    Failure   Level
 Summon Guardian Golem    Hex/Summ       17%        N/A       11%         3
 Summon Lightning Spire   Summ/Air       17%        N/A       34%         4


Dungeon Overview and Level Annotations

Branches:
Dungeon (4/15)
 Temple: D:4-7

Altars:
Hepliaklqana


Innate Abilities, Weirdness & Mutations

You have very sharp teeth.
Your uncanny sense of smell can sniff out nearby items.
Your experience applies equally to all skills.


Message History

The centaur unwields a +0 shortbow.
The centaur hits your hound. The centaur kicks your hound.
Your crimson imp hits the centaur but does no damage.
Your hound bites the centaur.
Your hound bites the centaur.
The centaur wields a +0 shortbow.
The centaur shoots an arrow.
The arrow hits your hound!
Your crimson imp hits the centaur.
Your hound closely misses the centaur.
The centaur shoots an arrow.
The arrow closely misses your hound. The arrow hits you!
Your hound closely misses the centaur.
Your crimson imp hits the centaur but does no damage.
The centaur unwields a +0 shortbow.
The centaur closely misses your crimson imp.
The centaur barely misses your crimson imp.
Your hound bites the centaur.
The centaur closely misses your crimson imp. x2
Your crimson imp blinks!
Your hound bites the centaur but does no damage.
The centaur wields a +0 shortbow.
The centaur shoots an arrow.
Your hound bites the centaur.
The centaur unwields a +0 shortbow.
The centaur hits your hound.
Your hound dies!
Your hound's corpse disappears in a puff of smoke!
Casting: Call Canine Familiar (dangerous; 3% risk of failure)
Confirm with . or Enter, or press ? or * to list all spells.
The centaur wields a +0 shortbow.
The centaur shoots an arrow.
The arrow hits you!
The centaur shoots an arrow.
The arrow hits you.
The centaur shoots an arrow.
The arrow closely misses your hound. The arrow hits you!
* * * LOW HITPOINT WARNING * * *
You swap places.
The centaur shoots an arrow.
The arrow misses you.
Your hound bites the centaur but does no damage.
The centaur shoots an arrow.
The arrow closely misses your crimson imp.
The arrow hits you!
* * * LOW HITPOINT WARNING * * *
Your hound bites the centaur.
The centaur shoots an arrow.
The arrow barely misses your crimson imp.
The arrow hits you!
You die...

#.....# ##...## ##.##
#.# #.# ##'## # ##...##
#####.##### ##.....##
#......@..# ##.......##
#.###.#5..####.........#
.....ch.....'.........'
.###†#...####.........#
#.....# ##.......##
###.#.# ##.....## #.#.#
##...## #.#.# ##'##
......######.#


You could see a centaur (ally target), a friendly hound (summoned) and a
friendly crimson imp (summoned).

Vanquished Creatures
  2 orcs (D:3)
  2 bats (D:1)
  3 endoplasms
  A giant cockroach (D:3)
  4 goblins
  2 hobgoblins (D:1)
  A jackal (D:2)
  2 ball pythons
  3 kobolds
  2 rats (D:2)
  A spectral orc (D:3)
23 creatures vanquished.

Vanquished Creatures (collateral kills)
  Sigmund (D:2)
  An orc priest (D:3)
  An orc wizard (D:3)
  An adder (D:3)
  2 orcs (D:3)
  3 endoplasms
  15 goblins
  5 hobgoblins
  A jackal (D:2)
  2 quokkas
  2 ball pythons (D:4)
  2 bats (D:3)
  6 frilled lizards
  4 kobolds (D:2)
  5 rats
51 creatures vanquished.

Vanquished Creatures (others)
  8 plants (D:2)
8 creatures vanquished.

Grand Total: 82 creatures vanquished

Notes
Turn   | Place    | Note
-------+----------+-------------------------------------------
     0 | D:1      | KleinerIrrer the Gnoll Summoner began the quest for the
                  | Orb.
     0 | D:1      | Reached XP level 1. HP: 13/13 MP: 6/6
   145 | D:1      | Reached XP level 2. HP: 14/19 MP: 4/7
   276 | D:1      | Learned a level 2 spell: Call Imp
   985 | D:2      | Reached skill level 5 in Spellcasting
   985 | D:2      | Reached XP level 3. HP: 25/25 MP: 5/9
  1434 | D:2      | Reached skill level 1 in Invocations
  1455 | D:2      | Reached skill level 1 in Fighting
  1455 | D:2      | Reached skill level 1 in Short Blades
  1455 | D:2      | Reached skill level 1 in Long Blades
  1455 | D:2      | Reached skill level 1 in Axes
  1455 | D:2      | Reached skill level 1 in Maces & Flails
  1455 | D:2      | Reached skill level 1 in Polearms
  1455 | D:2      | Reached skill level 1 in Staves
  1455 | D:2      | Reached skill level 1 in Ranged Weapons
  1455 | D:2      | Reached skill level 1 in Throwing
  1455 | D:2      | Reached skill level 1 in Armour
  1455 | D:2      | Reached skill level 1 in Shields
  1455 | D:2      | Reached skill level 1 in Unarmed Combat
  1455 | D:2      | Reached skill level 1 in Evocations
  1462 | D:2      | Learned a level 3 spell: Call Canine Familiar
  1661 | D:2      | Reached XP level 4. HP: 27/32 MP: 8/11
  1723 | D:2      | Noticed Sigmund
  1758 | D:2      | Killed Sigmund
  1759 | D:2      | Reached skill level 1 in Conjurations
  1759 | D:2      | Reached skill level 1 in Hexes
  1759 | D:2      | Reached skill level 1 in Necromancy
  1759 | D:2      | Reached skill level 1 in Translocations
  1759 | D:2      | Reached skill level 1 in Transmutations
  1759 | D:2      | Reached skill level 1 in Fire Magic
  1759 | D:2      | Reached skill level 1 in Ice Magic
  1759 | D:2      | Reached skill level 1 in Air Magic
  1759 | D:2      | Reached skill level 1 in Earth Magic
  1759 | D:2      | Reached skill level 1 in Poison Magic
  1759 | D:2      | Reached XP level 5. HP: 33/38 MP: 5/12
  2030 | D:3      | Reached XP level 6. HP: 44/44 MP: 13/13
  2093 | D:3      | Reached skill level 5 in Dodging
  2180 | D:3      | Found a hazy altar of Hepliaklqana.
  2611 | D:4      | Shot with an arrow by a centaur

Illustrated notes

Levels and vault maps discovered:
D:1:      heliophobic_arrival_henge, layout_loops_ring
D:2:      cheibrodos_greedy_goblins, layout_loops_ring, kennysheep_another_room,
          lexackson_kobold_supper, uniq_sigmund
D:3:      layout_basic, nicolae_hepliaklqana_monster_ancestors,
          grunt_ministairs_2
D:4:      layout_loops_corners, nicolae_overflow_crystal_walls,
          nicolae_sif_muna_condensation, nicolae_qazlal_eye_of_the_storm,
          minmay_distorted

Skill      XL: |  1  2  3  4  5  6 |
---------------+-------------------+-----
Spellcasting   | 5 |  5.4
Invocations    | 1 2 |  2.2
Fighting       | 1 2 |  2.0
Short Blades   | 1 2 |  2.0
Long Blades    | 1 2 |  2.0
Axes           | 1 2 |  2.0
Maces & Flails | 1 2 |  2.0
Polearms       | 1 2 |  2.0
Staves         | 1 2 |  2.0
Ranged Weapons | 1 2 |  2.0
Throwing       | 1 2 |  2.0
Armour         | 1 2 |  2.0
Shields        | 1 2 |  2.0
Unarmed Combat | 1 2 |  2.0
Evocations     | 1 2 |  2.0
Conjurations   | 1 |  1.6
Hexes          | 1 |  1.6
Necromancy     | 1 |  1.6
Translocations | 1 |  1.6
Transmutations | 1 |  1.6
Fire Magic     | 1 |  1.6
Ice Magic      | 1 |  1.6
Air Magic      | 1 |  1.6
Earth Magic    | 1 |  1.6
Poison Magic   | 1 |  1.6
Dodging        | 5 |  5.0
Stealth        | |  4.6
Summonings     | |  7.3

Action                     |  1- 3 |  4- 6 || total
---------------------------+-------+-------++-------
  Melee: Dagger            |    66 |    12 ||    78
         Bite              |     1 |     1 ||     2
   Fire: Sling             |    13 |       ||    13
   Cast: Summon Small Mamm |     4 |       ||     4
         Call Imp          |    14 |     4 ||    18
         Call Canine Famil |       |     8 ||     8
   Stab: Sleeping          |     4 |     2 ||     6
 Armour: Robe              |     2 |       ||     2
         Leather armour    |    15 |     3 ||    18
  Dodge: Dodged            |    57 |    18 ||    75

Table legend: (Time is in decaauts)
 A = Elapsed time spent in this place.
 B = Non-inter-level travel time spent in this place.
 C = Inter-level travel time spent in this place.
 D = Time resting spent in this place.
 E = Time spent auto-exploring this place.
 F = Levels seen in this place.
 G = Mean time per level.
                   A        B        C        D        E       F      G
               +--------+--------+--------+--------+--------+-----+--------+
         Total |   2609 |   2447 |    162 |    106 |   1738 |   4 |  652.2 |
       Dungeon |   2609 |   2447 |    162 |    106 |   1738 |   4 |  652.2 |
               +--------+--------+--------+--------+--------+-----+--------+

Top non-repeatable levels by time:
     D:2: 1022 daAuts
     D:1: 980 daAuts
     D:3: 502 daAuts
     D:4: 103 daAuts
